 Dungeon Crawl Stone Soup version 0.24-a0-269-g32ec7ca (webtiles) character file.

Game seed: 16885687965225730981

343 mistymad the Covered (level 6, -7/47 HPs)
             Began as a Gnoll Wanderer on Apr 21, 2019.
             Was a Believer of Makhleb.
             Mangled by an ogre
             ... wielding a +0 giant club
              (17 damage)
             ... on level 4 of the Dungeon.
             The game lasted 00:09:45 (3570 turns).

mistymad the Covered (Gnoll Wanderer)               Turns: 3570, Time: 00:09:46

Health: -7/47      AC: 13    Str: 14    XL:     6   Next: 57%
Magic:  11/11      EV:  7    Int: 17    God:    Makhleb [**....]
Gold:   123        SH:  6    Dex: 14    Spells: 11/11 levels left

rFire    . . .     SeeInvis .   a - +0 mace
rCold    . . .     Gourm    .   r - +2 buckler
rNeg     . . .     Faith    .   y - +0 chain mail
rPois    +         Spirit   .   k - +0 helmet
rElec    .         Reflect  .   (no cloak)
rCorr    .         Harm     .   (no gloves)
MR       .....                  m - +0 pair of boots
Stlth    ..........             (no amulet)
HPRegen  0.15/turn              o - ring of poison resistance
MPRegen  0.12/turn              (no ring)

@: no status effects
A: distributed training, fangs 1, strong nose
a: Minor Destruction, Renounce Religion


You were on level 4 of the Dungeon.
You worshipped Makhleb.
Makhleb was pleased with you.
You were not hungry.

You visited 2 branches of the dungeon, and saw 5 of its levels.

You collected 123 gold pieces.

Inventory:

Hand Weapons
 a - a +0 mace (weapon)
 q - a +0 quarterstaff
 s - a +0 whip
Missiles
 p - 5 silver javelins (quivered)
Armour
 k - a +0 helmet (worn)
 m - a +0 pair of boots (worn)
 n - a +0 plate armour
 r - a +2 buckler (worn)
 y - a +0 chain mail (worn)
Jewellery
 o - a ring of poison resistance (left hand)
Wands
 t - a wand of iceblast (7)
Scrolls
 c - 3 scrolls of teleportation
 d - a scroll of immolation {unknown}
 e - 5 scrolls of identify {unknown}
 h - 3 scrolls of enchant armour {unknown}
 i - a scroll of remove curse {unknown}
 j - a scroll of noise {unknown}
Potions
 g - 2 potions of brilliance {unknown}
 l - a potion of curing {unknown}
 u - a potion of berserk rage {unknown}
 v - a potion of heal wounds {unknown}
 x - a potion of might
Comestibles
 f - 6 rations
 w - 2 chunks of flesh


   Skills:
 + Level 3.2 Fighting
 + Level 2.0 Short Blades
 + Level 2.0 Long Blades
 + Level 2.0 Axes
 + Level 3.2 Maces & Flails
 + Level 2.0 Polearms
 + Level 2.0 Staves
 + Level 2.0 Slings
 + Level 2.0 Bows
 + Level 2.0 Crossbows
 + Level 2.0 Throwing
 + Level 6.8 Armour
 + Level 2.0 Dodging
 + Level 3.1 Stealth
 + Level 2.0 Shields
 + Level 2.0 Unarmed Combat
 + Level 3.4 Spellcasting
 + Level 1.5 Conjurations
 + Level 1.5 Hexes
 + Level 1.5 Charms
 + Level 1.5 Summonings
 + Level 1.5 Necromancy
 + Level 4.1 Translocations
 + Level 1.5 Transmutations
 + Level 1.5 Fire Magic
 + Level 1.5 Ice Magic
 + Level 1.5 Air Magic
 + Level 1.5 Earth Magic
 + Level 1.5 Poison Magic
 + Level 2.2 Invocations
 + Level 3.2 Evocations


You had 11 spell levels left.
You didn't know any spells.
Your spell library contained the following spells:

 Spells                   Type           Power        Failure   Level  Hunger
 Blink                    Tloc           N/A          71%         2    ##.....
 Shroud of Golubria       Chrm/Tloc      ##........   88%         2    ##.....
 Gell's Gravitas          Tloc           ###.......   91%         3    ###....
 Lesser Beckoning         Tloc           ###.......   91%         3    ###....
 Teleport Other           Tloc           ###.....     91%         3    ###....
 Passage of Golubria      Tloc           N/A          100%        4    ####...


Dungeon Overview and Level Annotations

Branches:
Dungeon (4/15)             Temple (1/1) D:4

Altars:
Cheibriados
Hepliaklqana
Makhleb
Okawaru
Zin
The Shining One

Shops:
D:2 *


Innate Abilities, Weirdness & Mutations

Your experience applies equally to all skills.
You have very sharp teeth.
Your uncanny sense of smell can sniff out nearby items.


Message History

Makhleb accepts your kill.
No target in view!
No target in view!
There is an open door here.
You open the door.
An ogre comes into view. It is wielding a +0 giant club.
The ogre shouts!
There is an open door here.
The ogre hits you with a +0 giant club!!
You take 22 damage, and have 25/47 hp.
MASSIVE DAMAGE!!
You thump the ogre! The ogre hits you with a +0 giant club!
* * * LOW HITPOINT WARNING * * *
You take 13 damage, and have 12/47 hp.
MASSIVE DAMAGE!!
You are too injured to fight recklessly!
Aim: an ogre, wielding a +0 giant club (moderately wounded)
The zap hits the ogre.
The ogre closely misses you.
You take 1 damage, and have 11/47 hp.
Aim: an ogre, wielding a +0 giant club (heavily wounded)
The stone arrow hits the ogre.
The ogre hits you with a +0 giant club!
You die...

#.....####
#........#
#........#
#####....# ##....#
#.....# ####.....##
#########.........#
......O@'.........#
#########.........#
###
#.........####..
+.........'.....
#.........###...
#.........# #.##
#####'##### #.#
#..# #.# #####.#
#.#


You could see an ogre.

Vanquished Creatures
  A scorpion (D:4)
  A bullfrog zombie (D:4)
  A hound (D:4)
  2 iguanas (D:4)
  An orc wizard (D:4)
  7 adders
  An adder skeleton (D:4)
  4 dart slugs
  5 orcs
  4 giant cockroaches (D:4)
  5 goblins
  10 hobgoblins
  11 jackals
  2 quokkas (D:4)
  A ball python (D:2)
  6 bats
  6 frilled lizards
  4 kobolds
  8 rats
80 creatures vanquished.

Notes
Turn   | Place    | Note
-------+----------+-------------------------------------------
     0 | D:1      | mistymad the Gnoll Wanderer began the quest for the Orb.
     0 | D:1      | mistymad set off with the following items: a +0 mace, a
                  | scroll of teleportation, a +0 robe, a ration; and the
                  | following spells available to memorise: Blink, Gell's
                  | Gravitas, Lesser Beckoning, Teleport Other, Shroud of
                  | Golubria, Passage of Golubria
     0 | D:1      | Reached XP level 1. HP: 17/17 MP: 4/4
    81 | D:1      | Reached XP level 2. HP: 19/23 MP: 5/5
   614 | D:1      | Reached XP level 3. HP: 23/28 MP: 7/7
  1066 | D:2      | Found a hazy altar of Hepliaklqana.
  1083 | D:2      | Found Zin's Purification Station.
  1083 | D:2      | Found a glowing silver altar of Zin.
  1139 | D:2      | Reached skill level 1 in Invocations
  1265 | D:2      | Reached skill level 1 in Short Blades
  1265 | D:2      | Reached skill level 1 in Long Blades
  1265 | D:2      | Reached skill level 1 in Axes
  1265 | D:2      | Reached skill level 1 in Polearms
  1265 | D:2      | Reached skill level 1 in Staves
  1265 | D:2      | Reached skill level 1 in Slings
  1265 | D:2      | Reached skill level 1 in Bows
  1265 | D:2      | Reached skill level 1 in Crossbows
  1265 | D:2      | Reached skill level 1 in Throwing
  1265 | D:2      | Reached skill level 1 in Dodging
  1265 | D:2      | Reached skill level 1 in Shields
  1265 | D:2      | Reached skill level 1 in Unarmed Combat
  1265 | D:2      | Reached XP level 4. HP: 23/34 MP: 8/8
  1369 | D:2      | Found a glowing golden altar of the Shining One.
  1369 | D:2      | Found an iron altar of Okawaru.
  1424 | D:2      | Found a faded altar of an unknown god.
  1776 | D:2      | Became a worshipper of Makhleb the Destroyer
  1776 | D:2      | Reached * piety under Makhleb
  2027 | D:3      | Reached skill level 1 in Conjurations
  2027 | D:3      | Reached skill level 1 in Hexes
  2027 | D:3      | Reached skill level 1 in Charms
  2027 | D:3      | Reached skill level 1 in Summonings
  2027 | D:3      | Reached skill level 1 in Necromancy
  2027 | D:3      | Reached skill level 1 in Transmutations
  2027 | D:3      | Reached skill level 1 in Fire Magic
  2027 | D:3      | Reached skill level 1 in Ice Magic
  2027 | D:3      | Reached skill level 1 in Air Magic
  2027 | D:3      | Reached skill level 1 in Earth Magic
  2027 | D:3      | Reached skill level 1 in Poison Magic
  2186 | D:3      | Found a snail-covered altar of Cheibriados.
  2441 | D:3      | Reached XP level 5. HP: 40/40 MP: 9/9
  2590 | D:4      | Reached ** piety under Makhleb
  2897 | D:4      | Found a staircase to the Ecumenical Temple.
  2926 | Temple   | Entered the Ecumenical Temple
  3235 | D:4      | Reached XP level 6. HP: 43/47 MP: 9/11
  3570 | D:4      | Mangled by an ogre

Levels and vault maps discovered:
D:1:      lightli_arrival_statuegarden, layout_loops_ring,
          palyth_stone_intersect
D:2:      layout_loops_ring, lemuel_round_altar, zin_purify,
          chequers_temple_overflow_statue_of_worship, serial_forest,
          infiniplex_forest_corner_1, infiniplex_forest_diagonal,
          infiniplex_forest_clump_medium, infiniplex_forest_lined_3_way,
          infiniplex_forest_end_double, infiniplex_forest_fountain,
          infiniplex_forest_zigzag_2, infiniplex_forest_straight_3,
          chequers_ecumenical_altar_grove
D:3:      layout_loops_ring, kennysheep_slug_shrine, first_ration
D:4:      layout_basic, nicolae_overflow_hidden_temple, dancing_weapons_uskayaw,
          minmay_temple_entry_mini_moons
Temple:   minmay_temple_curvy_loop

Skill      XL: |  1  2  3  4  5  6 |
---------------+-------------------+-----
Invocations    | 1 2 |  2.2
Short Blades   | 1 2 |  2.0
Long Blades    | 1 2 |  2.0
Axes           | 1 2 |  2.0
Polearms       | 1 2 |  2.0
Staves         | 1 2 |  2.0
Slings         | 1 2 |  2.0
Bows           | 1 2 |  2.0
Crossbows      | 1 2 |  2.0
Throwing       | 1 2 |  2.0
Dodging        | 1 2 |  2.0
Shields        | 1 2 |  2.0
Unarmed Combat | 1 2 |  2.0
Spellcasting   | 3 |  3.4
Conjurations   | 1 |  1.5
Hexes          | 1 |  1.5
Charms         | 1 |  1.5
Summonings     | 1 |  1.5
Necromancy     | 1 |  1.5
Transmutations | 1 |  1.5
Fire Magic     | 1 |  1.5
Ice Magic      | 1 |  1.5
Air Magic      | 1 |  1.5
Earth Magic    | 1 |  1.5
Poison Magic   | 1 |  1.5
Fighting       | 3 |  3.2
Maces & Flails | 3 |  3.2
Translocations | 4 |  4.1
Evocations     | 3 |  3.2
Stealth        | 3 |  3.1
Armour         | |  6.8

Action                   |  1- 3 |  4- 6 || total
-------------------------+-------+-------++-------
Melee: Mace              |   113 |   230 ||   343
       Bite              |     7 |    19 ||    26
Invok: Minor Destruction |       |     2 ||     2
  Eat: Chunk             |     1 |     8 ||     9
Armor: Scale mail        |    57 |   117 ||   174
       Plate armour      |    22 |       ||    22
       Chain mail        |       |     1 ||     1
Dodge: Dodged            |    78 |   115 ||   193
Block: Buckler           |       |    40 ||    40

Table legend:
 A = Non-vault XP
 B = Vault XP
 C = Vault XP percentage of total XP
 D = Non-vault monster count
 E = Vault monster count
 F = Vault count percentage of total count
                 A         B        C        D         E       F
            +---------+---------+-------+---------+---------+-------
      Total |     486 |       4 |   0.8 |      79 |       1 |   1.2
            +---------+---------+-------+---------+---------+-------
        D:1 |      39 |       0 |   0.0 |      22 |       0 |   0.0
        D:2 |      50 |       0 |   0.0 |      10 |       0 |   0.0
        D:3 |      79 |       4 |   4.8 |      25 |       1 |   3.8
        D:4 |     318 |       0 |   0.0 |      22 |       0 |   0.0
            +---------+---------+-------+---------+---------+-------
